 Dungeon Crawl Stone Soup version 0.25.1-8-g42b30a86e7 (webtiles) character file.

Game seed: 17544507384966486329

86 Naow the Cudgeler (level 4, -1/28 HPs)
             Began as a Gargoyle Fighter on Dec 13, 2020.
             Slain by a gnoll
             ... wielding a +0 whip
              (3 damage)
             ... on level 2 of the Dungeon.
             The game lasted 00:08:09 (1482 turns).

Naow the Cudgeler (Gargoyle Fighter)                Turns: 1482, Time: 00:08:12

Health: -1/28      AC: 10    Str: 21    XL:     4   Next: 50%
Magic:  4/4        EV:  7    Int:  8    God:
Gold:   57         SH:  9    Dex:  9    Spells: 3/3 levels left

rFire    + . .     SeeInvis .   a - +0 flail
rCold    + . .     Gourm    .   c - +0 kite shield
rNeg     + . .     Faith    .   b - +0 scale mail
rPois    ∞         Spirit   .   (no helmet)
rElec    +         Reflect  .   h - scarf {rC+ rF+}
rCorr    .         Harm     .   (no gloves)
MR       .....                  (no boots)
Stlth    ..........             (no amulet)
HPRegen  0.09/turn              (no ring)
MPRegen  0.09/turn              (no ring)

@: no status effects
A: negative energy resistance 1, electricity resistance, unbreathing,
petrification resistance, rot immunity, AC +3
a: no special abilities


You were on level 2 of the Dungeon.
You were not hungry.

You visited 1 branch of the dungeon, and saw 2 of its levels.

You collected 57 gold pieces.

Inventory:

Hand Weapons
 a - a +0 flail (weapon)
Armour
 b - a +0 scale mail (worn)
 c - a +0 kite shield (worn)
 h - a scarf of resistance (worn)
Scrolls
 k - a scroll of fog
Potions
 d - 2 potions of might
 e - 2 potions of flight {unknown}
 i - a potion of lignification {unknown}
 j - a potion of curing
 l - a potion of brilliance {unknown}
 m - a potion of invisibility {unknown}
Comestibles
 f - 2 rations
 g - 5 chunks of flesh


   Skills:
 - Level 3.4 Fighting
 + Level 4.3 Maces & Flails
 - Level 3.4 Armour
 - Level 3.4 Shields


You had 3 spell levels left.
You didn't know any spells.
Your spell library was empty.

Dungeon Overview and Level Annotations

Branches:
Dungeon (2/15)

Altars:


Innate Abilities, Weirdness & Mutations

You are resistant to torment.
Your stone body is resilient. (AC +3)
You are immune to poison.
You resist negative energy. (rN+)
You are resistant to electric shocks. (rElec)
You can survive without breathing.
You are immune to petrification.
You are immune to rotting.


Message History

You barely miss the gnoll.
The gnoll is heavily wounded.
The gnoll hits you from afar with a +0 spear.
* * * LOW HITPOINT WARNING * * *
The gnoll hits you but does no damage.
You closely miss the gnoll.
The gnoll is heavily wounded.
The gnoll hits you from afar with a +0 spear.
* * * LOW HITPOINT WARNING * * *
You block the gnoll's attack.
You feel better. The gnoll barely misses you.
The gnoll hits you with a +0 whip.
* * * LOW HITPOINT WARNING * * *
You closely miss the gnoll.
The gnoll is heavily wounded.
The gnoll hits you but does no damage. x2
The gnoll hits you from afar with a +0 spear.
* * * LOW HITPOINT WARNING * * *
The gnoll hits you with a +0 whip.
You die...

..........
......... .........
........# +#
........# .#
#......#####.#
#....!.ggK.g..#
#.#########g.######
#.....@........
##............#
#..≈≈........#
##.≈..≈.......##
##≈≈≈..≈..≈≈...≈##
#≈≈≈..≈..≈..≈..≈≈#
#≈≈...≈.⌠≈..≈..≈≈#
#≈≈..≈..≈⌠.≈...≈≈#
#≈≈..≈()≈..≈..≈≈≈#


You could see 2 gnolls.

Vanquished Creatures
  2 gnolls (D:2)
  2 adders
  3 dart slugs
  A leopard gecko (D:1)
  4 goblins (D:1)
  6 hobgoblins
  2 jackals (D:1)
  9 kobolds
  2 ball pythons (D:1)
  5 bats
  3 frilled lizards (D:1)
  5 rats (D:1)
44 creatures vanquished.

Notes
Turn   | Place    | Note
-------+----------+-------------------------------------------
     0 | D:1      | Naow the Gargoyle Fighter began the quest for the Orb.
     0 | D:1      | Reached XP level 1. HP: 14/14 MP: 1/1
   326 | D:1      | Reached XP level 2. HP: 19/19 MP: 2/2
   520 | D:1      | Reached skill level 3 in Maces & Flails
   550 | D:1      | Reached XP level 3. HP: 22/23 MP: 3/3
  1199 | D:2      | Reached XP level 4. HP: 27/28 MP: 4/4
  1353 | D:2      | Reached skill level 4 in Maces & Flails
  1480 | D:2      | HP: 1/28 [gnoll/+0 spear (4)]
  1482 | D:2      | Slain by a gnoll

Illustrated notes

Levels and vault maps discovered:
D:1:      dpeg_arrival_rooms_a, layout_loops_ring
D:2:      cheibrodos_helix_gallery, layout_basic, first_ration, minmay_unequal

Skill      XL: |  1  2  3  4 |
---------------+-------------+-----
Maces & Flails | 3 4 |  4.3
Fighting       | |  3.4
Armour         | |  3.4
Shields        | |  3.4

Action                   |  1- 3 |  4- 6 || total
-------------------------+-------+-------++-------
Melee: Flail             |   172 |    42 ||   214
  Use: Scroll            |     2 |       ||     2
       Potion            |       |     2 ||     2
  Eat: Chunk             |     1 |     1 ||     2
Armor: Scale mail        |   114 |    27 ||   141
Dodge: Dodged            |    63 |    17 ||    80
Block: Kite shield       |   115 |    44 ||   159
